 Dungeon Crawl Stone Soup version 0.23.0 (webtiles) character file.

Game seed: 11346613119775348328

104 turbotont the Stinger (level 4, 0/24 HPs)
             Began as a Deep Elf Venom Mage on Feb 9, 2019.
             Slain by an orc
             ... wielding a +0 mace
              (4 damage)
             ... on level 3 of the Dungeon.
             The game lasted 00:12:35 (1312 turns).

turbotont the Stinger (Deep Elf Venom Mage)         Turns: 1312, Time: 00:12:35

Health: 0/24       AC:  2    Str:  5    XL:     4   Next: 52%
Magic:  0/12       EV: 13    Int: 21    God:
Gold:   115        SH:  0    Dex: 15    Spells: 10/11 levels left

rFire    . . .     SeeInvis .   r - +0 quarterstaff
rCold    . . .     Gourm    .   (shield currently unavailable)
rNeg     . . .     Faith    .   a - +0 robe
rPois    .         Spirit   +   (no helmet)
rElec    .         Reflect  .   (no cloak)
rCorr    .         Harm     .   (no gloves)
MR       .....                  (no boots)
Stlth    ++........             m - amulet of guardian spirit
HPRegen  0.08/turn              (no ring)
MPRegen  0.13/turn              (no ring)

@: no status effects
A: no striking features
a: no special abilities


You were on level 3 of the Dungeon.
You were not hungry.

You visited 1 branch of the dungeon, and saw 3 of its levels.

You collected 115 gold pieces.

Inventory:

Hand Weapons
 f - a +1 short sword of freezing
 p - a +0 blowgun
 r - a +0 quarterstaff (weapon)
Missiles
 q - 19 poisoned needles
Armour
 a - a +0 robe (worn)
Jewellery
 m - an amulet of guardian spirit (around neck)
Wands
 o - a wand of acid (7)
Scrolls
 b - a scroll of random uselessness {unknown}
 d - a scroll of enchant weapon {unknown}
 e - a scroll of blinking {unknown}
 h - a scroll of remove curse
 i - a scroll of amnesia {unknown}
 k - a scroll of enchant armour {unknown}
 l - 2 scrolls of fog
Potions
 g - 2 potions of curing
 j - a potion of agility {unknown}
 n - a potion of berserk rage {unknown}
Comestibles
 c - 6 rations


   Skills:
 + Level 0.8 Short Blades
 + Level 0.2 Staves
 + Level 2.8 Dodging
 - Level 2.4 Stealth
 + Level 4.4 Spellcasting
 + Level 1.7 Conjurations
 + Level 4.5 Poison Magic


You had 10 spell levels left.
You knew the following spells:

 Your Spells              Type           Power        Failure   Level  Hunger
a - Sting                 Conj/Pois      ###.         3%          1    None

Your spell library contained the following spells:

 Spells                   Type           Power        Failure   Level  Hunger
 Poisonous Vapours        Pois/Air       ##....       7%          2    #......
 Mephitic Cloud           Conj/Pois/Air  ##......     14%         3    ##.....
 Olgreb's Toxic Radiance  Pois           ###.....     19%         4    ####...
 Venom Bolt               Conj/Pois      ###.......   65%         5    ######.


Dungeon Overview and Level Annotations

Branches:
Dungeon (3/15)

Altars:
Qazlal


Message History

You hit the orc.
You kill the orc!
You closely miss the orc. The orc closely misses you.
You hit the orc.
The orc is almost dead.
The orc hits you with a +0 mace!
You barely miss the orc.
The orc is almost dead.
The orc hits you with a +0 mace.
* * * LOW HITPOINT WARNING * * *
Casting: Sting (safe; 3% risk of failure)
Confirm with . or Enter, or press ? or * to list all spells.
Aiming: Sting (safe; 3% risk of failure)
Press: ? - help, Shift-Dir - straight line, f - orc
Aim: an orc, wielding a +0 mace and wearing a +0 ring mail (almost dead)
The sting hits the orc but does no damage.
The orc is poisoned.
The orc is almost dead.
The orc hits you with a +0 mace.
You die...

.... #..# #..# ######
........#..# #..<.#
........#..# #....#
........#..#
#..†.######
........#..#
#.........#
..o...#..###.........#
....#..o@......[...#
#'###.######.^....#
###.#####.....†.#
########
..............#.#
###############.# #.#
#.# #.# #..


You could see an orc.

Vanquished Creatures
  An orc priest (D:3)
  3 adders (D:2)
  A worm (D:2)
  4 dart slugs
  A leopard gecko (D:2)
  2 orcs (D:3)
  A ball python (D:2)
  8 bats
  2 giant cockroaches
  5 goblins
  A frilled lizard (D:1)
  4 kobolds
  5 rats
38 creatures vanquished.

Notes
Turn   | Place    | Note
-------+----------+-------------------------------------------
     0 | D:1      | turbotont the Deep Elf Venom Mage began the quest for the
                  | Orb.
     0 | D:1      | Reached XP level 1. HP: 10/10 MP: 6/6
   161 | D:1      | Reached XP level 2. HP: 4/15 MP: 1/8
   647 | D:2      | Found a stormy altar of Qazlal.
   692 | D:2      | Reached XP level 3. HP: 18/19 MP: 0/10
  1244 | D:3      | Reached XP level 4. HP: 24/24 MP: 10/12
  1312 | D:3      | Slain by an orc

Skill      XL: |  1  2  3 |
---------------+----------+-----
Poison Magic   | 4 |  4.5
Spellcasting   | 4 |  4.4
Short Blades   | |  0.8
Staves         | |  0.2
Dodging        | |  2.8
Stealth        | |  2.4
Conjurations   | |  1.7

Action                   |  1- 3 |  4- 6 || total
-------------------------+-------+-------++-------
Melee: Short sword       |    14 |     1 ||    15
       Quarterstaff      |       |     8 ||     8
 Cast: Sting             |    47 |     7 ||    54
  Use: Scroll            |     1 |     3 ||     4
  Eat: Chunk             |     1 |       ||     1
Armor: Robe              |     3 |       ||     3
Dodge: Dodged            |     6 |     1 ||     7
